 Dungeon Crawl Stone Soup version 0.30.1-11-g7821555f0a (webtiles) character file.

Game seed: 1409790840965450212

5587 Martska the Thaumaturge (level 10, -1/59 HPs)
             Began as a Deep Elf Fire Elementalist on Nov 29, 2023.
             Was an Elder of Vehumet.
             Slain by an ice devil (8 damage)
             ... summoned by a kobold demonologist
             ... on level 9 of the Dungeon.
             The game lasted 00:24:25 (9337 turns).

Martska the Thaumaturge (DEFE)                      Turns: 9337, Time: 00:24:26

Health: -1/59      AC: -17   Str:  5      XL:     10   Next: 45%
Magic:  2/25       EV: 15    Int: 22 (25) God:    Vehumet [****..]
Gold:   461        SH:  5    Dex: 15      Spells: 21/27 levels left

rFire   + . .        g - +3 whip
rCold   . . .        (no shield)
rNeg    . . .        w - +2 robe {Will+}
rPois   .            (no helmet)
rElec   .            (no cloak)
rCorr   .            (no gloves)
SInv    .            u - +2 pair of boots
Will    ++...        h - amulet of reflection
Stlth   ++++         A - ring of protection from fire
HPRegen 0.29/turn    (no ring)
MPRegen 0.19/turn

%: reflection
@: about to teleport, corroded
A: no striking features
a: Renounce Religion


You were on level 9 of the Dungeon.
You worshipped Vehumet.
Vehumet was greatly pleased with you.
You visited 1 branch of the dungeon, and saw 9 of its levels.
You also visited: Sewer.

You collected 461 gold pieces.

Inventory:

Hand Weapons
 d - a +0 spear
 e - a +1 dagger of venom
 g - a +3 whip (weapon)
 x - a +0 scythe of venom
Missiles
 K - a throwing net
Armour
 a - a +0 robe
 u - a +2 pair of boots (worn)
 w - a +2 robe of willpower (worn)
Magical Staves
 p - a staff of death
 z - a staff of poison
Jewellery
 h - an amulet of reflection (around neck)
 A - a ring of protection from fire (left hand)
 H - a ring of protection from cold
 J - an amulet of faith
 N - a ring of protection from cold
 Q - a ring of protection from fire
Wands
 k - a wand of flame (6)
 F - a wand of polymorph (8)
 G - a wand of iceblast (7)
 O - a wand of paralysis (6)
 R - a wand of mindburst (8)
Scrolls
 f - 2 scrolls of identify
 i - a scroll of amnesia
 j - a scroll of torment
 m - 3 scrolls of enchant weapon
 n - 3 scrolls of fog
 o - 2 scrolls of poison
 s - 2 scrolls of teleportation
 y - 3 scrolls of silence {unknown}
 B - 3 scrolls of enchant armour {unknown}
 C - 2 scrolls of blinking {unknown}
 I - 2 scrolls of noise {unknown}
Potions
 b - a potion of magic
 c - 4 potions of attraction
 l - a potion of haste
 r - 2 potions of brilliance {unknown}
 t - 2 potions of lignification
 v - a potion of mutation {unknown}
 D - a potion of flight {unknown}
 E - a potion of might {unknown}
 L - 2 potions of heal wounds {unknown}
 M - a potion of cancellation {unknown}
 P - a potion of invisibility {unknown}


   Skills:
 * Level 5.5 Fighting
 + Level 7.0 Dodging
 + Level 7.5 Stealth
 + Level 9.3 Spellcasting
 + Level 7.3 Conjurations
 * Level 8.4 Fire Magic


You had 21 spell levels left.
You knew the following spells:

 Your Spells              Type           Power      Damage    Failure   Level
a - Foxfire               Conj/Fire      100%       2x1d9     1%          1
b - Scorch                Fire           94%        2d9       1%          2
c - Inner Flame           Hex/Fire       28%        N/A       1%          3

Your spell library contained the following spells:

 Spells                   Type           Power      Damage    Failure   Level
 Fulminant Prism          Conj/Hex       13%        3d9       4%          4
 Dazzling Flash           Conj/Hex       52%        N/A       1%          3
 Volatile Blastmotes      Fire/Tloc      56%        2d14      1%          3
 Flame Wave               Conj/Fire      45%        2d12      1%          4
 Sublimation of Blood     Necr           10%        N/A       10%         2
 Wereblood                Tmut           10%        N/A       10%         2
 Agony                    Necr           10%        N/A       87%         5
 Silence                  Hex/Air        5%         N/A       87%         5
 Summon Hydra             Summ           5%         N/A       100%        7


Dungeon Overview and Level Annotations

Branches:
Dungeon (9/15)             Temple (0/1) D:5           Sewer (visited)
   Lair: D:8-11         Orc: D:9-12

Altars:
Ashenzari
Kikubaaqudgha
Makhleb
Nemelex Xobeh
Okawaru
Ru
Vehumet
Yredelemnul
Zin

Shops:
D:2 [

Annotations:
D:8 6 transporters


Message History

The kobold demonologist is almost dead.
The rust devil hits you! The rust devil corrodes you!
The kobold demonologist hits you with a +0 dagger.
You closely miss the kobold demonologist.
The kobold demonologist is almost dead.
The rust devil barely misses you.
The kobold demonologist completely misses you.
You barely miss the kobold demonologist.
The kobold demonologist is almost dead.
The kobold demonologist barely misses you.
The rust devil hits you. The rust devil corrodes you!
You miss the kobold demonologist.
The kobold demonologist is almost dead.
The neqoxec is no longer more vulnerable to fire.
The kobold demonologist is no longer more vulnerable to fire.
The rust devil hits you!
* * * LOW HITPOINT WARNING * * *
The rust devil corrodes you! The kobold demonologist misses you.
Casting: Scorch (safe; 1% risk of failure)
Confirm with . or Enter, or press ? or * to list all spells.
Flames lash the kobold brigand.
You kill the kobold brigand!
Vehumet accepts your kill.
You feel your power returning. The rust devil hits you!
* * * LOW HITPOINT WARNING * * *
The rust devil corrodes you!
The kobold demonologist mumbles some strange words.
As you read the scroll of fear, it crumbles to dust.
You assume a fearsome visage.
The rust devil looks frightened!
The crimson imp looks frightened!
The neqoxec looks frightened!
The kobold demonologist looks frightened!
The kobold looks frightened!
The kobold brigand looks frightened!
The crimson imp blinks!
As you read the scroll labelled MULERO QOSOSILIL, it crumbles to dust.
You feel strangely unstable.
It was a scroll of teleportation.
The crimson imp blinks!
The ice devil attacks as you move away! The ice devil hits you.
* * * LOW HITPOINT WARNING * * *
The ice devil freezes you!
You die...

#.# #.# #.### #.#
.#.. #.# ...# ## #.#
... . #.# .K#.#
#.######### #3#K##.#
#......4..###.)>/K.#
#########.@4..K.#
#########


You could see an ice devil (summoned), a rust devil (summoned, fleeing), a
kobold demonologist (fleeing), a kobold brigand (inner flame, fleeing) and a
kobold (fleeing).

Vanquished Creatures
  A two-headed ogre (D:9)
  Sigmund (D:3)
  A basilisk (D:9)
  4 yaks (D:9)
  3 vampire mosquitoes (D:7)
  2 water moccasins
  2 sky beasts
  2 black bears
  An ice beast (D:5)
  3 orc warriors
  An ogre (D:7)
  A kobold brigand (D:9)
  A bullfrog (D:9)
  A gnoll sergeant (D:8)
  6 scorpions
  15 wights
  6 howler monkeys
  A bullfrog zombie (D:6)
  A jelly (D:4)
  5 orc priests
  5 hounds
  2 gnoll boudas
  Jessica (D:3)
  A sleepcap (D:6)
  6 orc wizards
  A hell rat (Sewer)
  A howler monkey zombie (D:6)
  6 adders
  23 gnolls
  6 river rats
  2 white imps
  2 ufetubi
  A worm (D:2)
  3 dart slugs
  38 orcs
  5 endoplasms
  3 giant cockroaches
  10 goblins
  10 hobgoblins
  3 jackals (D:5)
  6 quokkas
  4 ball pythons
  5 bats
  4 frilled lizards
  8 kobolds
  9 rats
223 creatures vanquished.

Vanquished Creatures (others)
  58 foxfires
58 creatures vanquished.

Grand Total: 281 creatures vanquished

Notes
Turn   | Place    | Note
-------+----------+-------------------------------------------
     0 | D:1      | Martska the Deep Elf Fire Elementalist began the quest for
                  | the Orb.
     0 | D:1      | Reached XP level 1. HP: 10/10 MP: 6/6
   218 | D:1      | Reached XP level 2. HP: 15/15 MP: 5/8
   953 | D:2      | Reached XP level 3. HP: 20/20 MP: 3/9
  1101 | D:2      | Found Emitow's Antique Armour Shoppe.
  1133 | D:2      | Reached XP level 4. HP: 24/24 MP: 5/11
  1178 | D:2      | Learned a level 2 spell: Scorch
  1182 | D:2      | Learned a level 3 spell: Inner Flame
  1734 | D:3      | Found a faded altar of an unknown god.
  1738 | D:3      | Reached skill level 1 in Fighting
  2006 | D:3      | Noticed Sigmund
  2013 | D:3      | Killed Sigmund
  2014 | D:3      | Reached skill level 4 in Spellcasting
  2014 | D:3      | Reached XP level 5. HP: 29/29 MP: 4/13
  2014 | D:3      | Reached XP level 6. HP: 34/34 MP: 4/14
  2370 | D:3      | Found a radiant altar of Vehumet.
  2371 | D:3      | Noticed Jessica
  2378 | D:3      | Killed Jessica
  2382 | D:3      | Became a worshipper of Vehumet
  3205 | D:4      | Found a glowing drain.
  3207 | D:4      | Reached * piety under Vehumet
  3207 | D:4      | Offered knowledge of Kiss of Death by Vehumet.
  3215 | Sewer    | Entered a sewer
  3762 | D:5      | Entered Level 5 of the Dungeon
  3762 | D:5      | Found a staircase to the Ecumenical Temple.
  3791 | D:5      | Reached XP level 7. HP: 40/40 MP: 12/16
  4089 | D:5      | Reached skill level 5 in Stealth
  4089 | D:5      | Reached skill level 5 in Spellcasting
  4089 | D:5      | Reached skill level 5 in Fire Magic
  4554 | D:5      | Reached skill level 5 in Dodging
  4554 | D:5      | Reached XP level 8. HP: 14/45 MP: 7/18
  4570 | D:5      | Reached skill level 6 in Spellcasting
  4986 | D:5      | Reached ** piety under Vehumet
  4988 | D:5      | Offered knowledge of Magic Dart by Vehumet.
  5250 | D:6      | Found a sacrificial altar of Ru.
  5257 | D:6      | Found an iron altar of Okawaru.
  5542 | D:6      | Found an ancient bone altar of Kikubaaqudgha.
  5885 | D:6      | Reached skill level 5 in Conjurations
  6005 | D:6      | Found a burning altar of Makhleb.
  6005 | D:6      | Found a glowing silver altar of Zin.
  6007 | D:6      | Found a broken altar of Ashenzari.
  6294 | D:6      | Found a basalt altar of Yredelemnul.
  6462 | D:7      | Reached skill level 7 in Spellcasting
  6479 | D:7      | Reached XP level 9. HP: 34/52 MP: 1/21
  6851 | D:7      | Offered knowledge of Frozen Ramparts by Vehumet.
  7176 | D:7      | Reached *** piety under Vehumet
  7315 | D:7      | Reached skill level 8 in Spellcasting
  7358 | D:7      | Found a sparkling altar of Nemelex Xobeh.
  7776 | D:8      | Found a transporter.
  7780 | D:8      | Found a transporter.
  8013 | D:8      | Identified the +0 leather armour "Maheufu" {+Blink rElec
                  | rN++ Str-4}
  8075 | D:8      | Found a transporter.
  8085 | D:8      | Offered knowledge of Airstrike by Vehumet.
  8136 | D:8      | Found a transporter.
  8504 | D:8      | Reached skill level 5 in Fighting
  8606 | D:8      | Reached XP level 10. HP: 54/58 MP: 17/24
  8830 | D:8      | Found a transporter.
  8837 | D:8      | Found a transporter.
  8920 | D:9      | Noticed a two-headed ogre
  8931 | D:9      | Killed a two-headed ogre
  8932 | D:9      | Reached skill level 9 in Spellcasting
  9019 | D:9      | Reached **** piety under Vehumet
  9026 | D:9      | Offered knowledge of Fulminant Prism by Vehumet.
  9325 | D:9      | Noticed a rust devil
  9337 | D:9      | Slain by an ice devil

Illustrated notes

Levels and vault maps discovered:
D:1:      lightli_arrival_statuegarden, layout_loops_ring
D:2:      layout_loops_ring, serial_shops, nicolae_shop_gaudy_bauble,
          nicolae_diamond_shop, shop, corexii_hall_statues_deadend,
          minmay_randomly_rotated_circles
D:3:      layout_basic, vehumet_altar_wand_db, nicolae_ecumenical_pavilion,
          uniq_jessica, uniq_sigmund
D:4:      layout_rooms, portal_sewer_entry_b
D:5:      layout_loops_cross, temple_pool_b
D:6:      layout_gridville, lemuel_zombie_altar_yredelemnul,
          mainiacjoe_overflow_surrounded_room, minitemple,
          kennysheep_generic_room_16
D:7:      layout_loops_cross, nemelex_dance_club_becter
D:8:      layout_loops_ring, serial_nicolae_subway, nicolae_sub_station_stone,
          nicolae_sub_station_crystal, nicolae_sub_station_metal
D:9:      layout_loops_corners, overflow_temple_1_default,
          due_lair_maze_entry_diamond, hangedman_tell_no_tales, uniq_psyche

Skill      XL: |  1  2  3  4  5  6  7  8  9 10 |
---------------+-------------------------------+-----
Stealth        | 3 4 5 6 7 |  7.5
Dodging        | 3 4 5 6 7 |  7.0
Conjurations   | 2 3 4 5 6 7 |  7.3
Fighting       | 1 2 3 5 |  5.5
Fire Magic     | 4 5 6 7 8 |  8.4
Spellcasting   | 4 5 7 8 9 |  9.3

Action                     |  1- 3 |  4- 6 |  7- 9 | 10-12 || total
---------------------------+-------+-------+-------+-------++-------
  Melee: Unarmed           |     2 |       |       |       ||     2
         Spear             |     1 |       |       |       ||     1
         Whip              |    49 |    29 |    36 |     7 ||   121
         Punch             |       |     2 |     2 |       ||     4
   Cast: Foxfire           |    43 |     5 |       |       ||    48
         Scorch            |       |    76 |   215 |    39 ||   330
         Inner Flame       |       |       |    10 |     8 ||    18
  Evoke: Wand              |       |       |     6 |       ||     6
    Use: Scroll            |       |     6 |     1 |     2 ||     9
         Potion            |       |       |     6 |       ||     6
   Stab: Sleeping          |     4 |     1 |     1 |       ||     6
 Armour: Robe              |    13 |    12 |    37 |     6 ||    68
         Skin              |       |       |     1 |       ||     1
  Dodge: Dodged            |    49 |    30 |    99 |    19 ||   197
  Block: Other             |    13 |    18 |    48 |     3 ||    82
         Reflection        |       |       |     1 |       ||     1
